 Dungeon Crawl Stone Soup version 0.29.1-15-g9cfb28693d (webtiles) character file.

Game seed: 1855152818531525951

68 hawla the Firebug (level 4, 0/33 HPs)
             Began as a Meteoran Fire Elementalist on Apr 25, 2023.
             Slain by Menkaure (15 damage)
             ... on level 4 of the Dungeon.
             The game lasted 00:05:12 (522 turns).

hawla the Firebug (Meteoran Fire Elementalist)       Turns: 522, Time: 00:05:14

Health: 0/33       AC:  4    Str: 10    XL:     4   Next: 68%
Magic:  2/10       EV: 12    Int: 18    God:
Gold:   57         SH:  0    Dex: 14    Spells: 7/10 levels left

rFire   . . .      SeeInvis .   e - +1 bardiche
rCold   . . .      Faith    .   (shield currently unavailable)
rNeg    . . .      Spirit   .   a - +1 robe
rPois   .          Reflect  .   (no helmet)
rElec   .          Harm     .   (no cloak)
rCorr   .          Rampage  .   (no gloves)
Will    .....                   i - +0 pair of boots
Stlth   +.........              (no amulet)
HPRegen 0.11/turn               (no ring)
MPRegen 0.12/turn               (no ring)

@: glowing
A: sense surroundings 1, otherworldly, glowing, explore regen
a: no special abilities


You were on level 4 of the Dungeon.
You visited 1 branch of the dungeon, and saw 4 of its levels.

You collected 57 gold pieces.

Inventory:

Hand Weapons
 e - a +1 bardiche (weapon)
Armour
 a - a +1 robe (worn)
 i - a +0 pair of boots (worn)
Jewellery
 j - an amulet of reflection
Potions
 b - a potion of magic
 c - a potion of brilliance {unknown}
 h - a potion of haste


   Skills:
 + Level 0.6 Polearms
 + Level 2.5 Dodging
 - Level 1.4 Stealth
 + Level 3.6 Spellcasting
 + Level 1.8 Conjurations
 + Level 5.0 Fire Magic


You had 7 spell levels left.
You knew the following spells:

 Your Spells              Type           Power      Damage    Failure   Level
a - Foxfire               Conj/Fire      60%        2x1d7     3%          1
b - Scorch                Fire           42%        2d7       3%          2

Your spell library contained the following spells:

 Spells                   Type           Power      Damage    Failure   Level
 Conjure Flame            Conj/Fire      15%        6-21      12%         3
 Necrotise                Necr           12%        1d4       16%         1
 Inner Flame              Hex/Fire       12%        N/A       16%         3
 Flame Wave               Conj/Fire      15%        2d7       36%         4
 Vampiric Draining        Necr           3%         2d6       43%         3
 Agony                    Necr           3%         N/A       99%         5
 Summon Forest            Summ/Tloc      1%         N/A       99%         5
 Summon Mana Viper        Hex/Summ       3%         N/A       99%         5
 Summon Cactus Giant      Summ           1%         N/A       100%        6


Dungeon Overview and Level Annotations

Branches:
Dungeon (4/15) Zot: 1861
 Temple: D:4-7

Altars:

Annotations:
D:4 Menkaure


Innate Abilities, Weirdness & Mutations

You passively map a small area around you.
You are easily found by Zot.
You glow in the dark.
You regain HP and MP as you explore.


Message History

A quokka comes into view.
An iguana comes into view.
The iguana hisses angrily.
You see here a viscous clear potion.
c - a viscous clear potion
Casting: Foxfire (safe; 3% risk of failure)
Confirm with . or Enter, or press ? or * to list all spells.
You conjure some foxfire!
Casting: Foxfire (safe; 3% risk of failure)
Confirm with . or Enter, or press ? or * to list all spells.
Flames lash the quokka.
The quokka is severely wounded.
The quokka's fire resistance burns away.
The foxfire hits Menkaure.
Menkaure is lightly damaged.
The foxfire hits Menkaure.
Menkaure is burned terribly!
Menkaure is moderately damaged.
Menkaure hits you.
Casting: Scorch (safe; 3% risk of failure)
Confirm with . or Enter, or press ? or * to list all spells.
You don't know that spell.
Casting: Scorch (safe; 3% risk of failure)
Confirm with . or Enter, or press ? or * to list all spells.
Flames lash the iguana.
The iguana is severely wounded.
The iguana's fire resistance burns away.
The quokka closely misses you. Menkaure barely misses you.
The quokka bites you.
Casting: Scorch (safe; 3% risk of failure)
Confirm with . or Enter, or press ? or * to list all spells.
Flames lash the quokka.
The quokka is burned terribly!
You kill the quokka!
Menkaure calls on the powers of darkness!
Your body is wracked with pain!
The iguana convulses!
Unknown command.
Casting: Scorch (safe; 3% risk of failure)
Confirm with . or Enter, or press ? or * to list all spells.
Flames lash the iguana.
The iguana is burned terribly!
You kill the iguana!
Menkaure hits you!
You die...

, * , .#.#.# .. , ,
......, . <$....##. ,
......... # *
........#.#####
...>....#...... , , ,
......M†....#**
.......@#,#.# * , *
.....##.# #.# ###*
#.#,..# *,*, , , #.#*#.#
*, ..# #.###.#####* ..#
*, ####.....#...## ,..*
* .................##
.##
#.#########.......###...
#...........#


You could see Menkaure (fast).

Vanquished Creatures
  An iguana (D:4)
  3 adders
  4 orcs
  5 ball pythons
  5 bats
  3 hobgoblins
  4 jackals (D:3)
  4 quokkas
  4 goblins (D:2)
  A kobold (D:4)
  A rat (D:2)
35 creatures vanquished.

Vanquished Creatures (others)
  66 foxfires
66 creatures vanquished.

Grand Total: 101 creatures vanquished

Notes
Turn   | Place    | Note
-------+----------+-------------------------------------------
     0 | D:1      | hawla the Meteoran Fire Elementalist began the quest for
                  | the Orb.
     0 | D:1      | Reached XP level 1. HP: 14/14 MP: 5/5
   109 | D:2      | Reached skill level 4 in Fire Magic
   109 | D:2      | Reached XP level 2. HP: 19/20 MP: 1/6
   202 | D:3      | Learned a level 2 spell: Scorch
   208 | D:3      | Reached XP level 3. HP: 20/26 MP: 0/8
   314 | D:3      | Reached XP level 4. HP: 21/33 MP: 2/10
   413 | D:3      | Reached skill level 5 in Fire Magic
   514 | D:4      | Noticed Menkaure
   522 | D:4      | Slain by Menkaure

Illustrated notes

Levels and vault maps discovered:
D:1:      spicycebolla_arrival_xxxplode, layout_loops_cross,
          shapermc_ecumenical_altar_mp_highgroup, minmay_tiny_reverse_x
D:2:      layout_loops_cross, basic_altar, st_stairs_1, uniq_natasha
D:3:      layout_basic, minmay_overflow_temple_hex
D:4:      layout_loops_cross, minmay_temple_entry_poolview,
          minmay_fire_ice_demons, uniq_menkaure, uniq_grinder,
          uniq_crazy_yiuf_cottage

Skill      XL: |  1  2  3  4 |
---------------+-------------+-----
Fire Magic     | 4 5 |  5.0
Spellcasting   | 3 |  3.6
Polearms       | |  0.6
Dodging        | |  2.5
Stealth        | |  1.4
Conjurations   | |  1.8

Action                   |  1- 3 |  4- 6 || total
-------------------------+-------+-------++-------
Melee: Unarmed           |    12 |       ||    12
       Bardiche          |     1 |    19 ||    20
       Punch             |     1 |       ||     1
 Cast: Foxfire           |    32 |    10 ||    42
       Scorch            |     4 |     6 ||    10
  Use: Scroll            |     1 |     5 ||     6
       Potion            |       |     1 ||     1
Armor: Robe              |     9 |    11 ||    20
       Skin              |       |    14 ||    14
Dodge: Dodged            |    16 |    29 ||    45
